 Dungeon Crawl Stone Soup version 0.20.0-7-g3b7b877 (webtiles) character file.

2229 Jerry the Cleaver (level 9, -3/79 HPs)
             Began as a Minotaur Berserker on May 29, 2017.
             Was an Elder of Trog.
             Killed from afar by an orc wizard (10 damage)
             ... with a puff of flame
             ... on level 6 of the Dungeon.
             The game lasted 00:12:48 (4346 turns).

Jerry the Cleaver (Minotaur Berserker)              Turns: 4346, Time: 00:12:49

Health: -3/79      AC: 15    Str: 22    XL:     9   Next: 14%
Magic:  2/2        EV: 11    Int:  5    God:    Trog [****..]
Gold:   177        SH:  0    Dex: 12    Spells: 8/8 levels left

rFire    . . .     SeeInvis .   t - +1 hand axe (antimagic)
rCold    . . .     Gourm    .   (no shield)
rNeg     . . .     Faith    .   i - +0 chain mail
rPois    .         Spirit   .   (helmet restricted)
rElec    .         Reflect  .   k - +2 cloak
rCorr    .         Harm     .   (no gloves)
MR       .....                  a - +0 pair of boots (curse)
Stlth    ..........             (no amulet)
Regen    0.3/turn               (no ring)
MPRegen  0.1/turn               (no ring)

@: berserk cooldown, slowed, very slow
A: retaliatory headbutt, horns 2
a: Berserk, Trog's Hand, Brothers in Arms, Burn Spellbooks, Renounce Religion


You were on level 6 of the Dungeon.
You worshipped Trog.
Trog was greatly pleased with you.
You were hungry.

You visited 1 branch of the dungeon, and saw 6 of its levels.

You collected 177 gold pieces.

Inventory:

Hand Weapons
 s - a +4 halberd
 t - a +1 antimagic hand axe (weapon)
Armour
 a - a cursed +0 pair of boots (worn)
 i - a +0 chain mail (worn)
 k - a +2 cloak (worn)
Wands
 p - a wand of flame (33/48)
Scrolls
 b - 4 scrolls of identify
 j - 3 scrolls of teleportation {unknown}
 l - 2 scrolls of blinking {unknown}
 n - a scroll of noise {unknown}
 o - 4 scrolls of magic mapping {unknown}
 v - a scroll of enchant weapon {unknown}
Potions
 e - 5 potions of brilliance {unknown}
 g - a potion of haste {unknown}
 h - a potion of cancellation {unknown}
 q - 3 potions of mutation {unknown}
 r - a potion of berserk rage {unknown}
 w - a potion of heal wounds {unknown}
Books
 d - a book of Necromancy

   Spells                             Type                      Level
   a - Pain                           Necromancy                   1
   b - Animate Skeleton               Necromancy                   1
   c - Vampiric Draining              Necromancy                   3
   d - Regeneration                   Charms/Necromancy            3
   e - Animate Dead                   Necromancy                   4
   f - Control Undead                 Necromancy                   4
   Trog disapproves of the use of such an item.
Comestibles
 c - 4 bread rations
 f - 3 meat rations
 m - 6 fruits
 u - 5 chunks of flesh


   Skills:
 + Level 7.5 Fighting
 * Level 10.0 Axes
 + Level 6.8 Armour
 + Level 6.2 Dodging


You had 8 spell levels left.
You didn't know any spells.

Dungeon Overview and Level Annotations

Branches:
Dungeon (6/15)             Temple (0/1) D:4

Altars:
Ashenzari
Fedhas
Kikubaaqudgha
Makhleb
Nemelex Xobeh
Vehumet
Zin

Shops:
D:2 *   D:4 [


Innate Abilities, Weirdness & Mutations

You reflexively headbutt those who attack you in melee.
You have a pair of horns on your head.


Message History

Something hits you but does no damage.
You start resting.
Something hits you but does no damage. Something hits you.
You are electrocuted!
* * * LOW HITPOINT WARNING * * *
You hear some strange, mumbled words.
Something tries to affect you, but you resist.
A magic dart appears from out of thin air!
The magic dart hits you!
Found a robe.
Something hits you but does no damage. Something hits you.
* * * LOW HITPOINT WARNING * * *
You hear some strange, mumbled words.
A puff of flame appears from out of thin air!
The puff of flame hits you!
* * * LOW HITPOINT WARNING * * *
You hear some strange, mumbled words.
A puff of flame appears from out of thin air!
The puff of flame hits you!
You die...

#.......# .. ##......## ...
##.......#####
...#######)..##....#..##
.......##.).#####....).#
#........## ##....... ###.....##
#...<.... #. #......# ##........
##. #..@...# ##......... #..
######......###..........
#..##....#.......###.........
####.............#..# #.........
##..............####..###........
................# ....#........
................# ............
......†..........# ..#..........
..................# ###.)......


There were no monsters in sight!

Vanquished Creatures
  The ghost of darksquall the Charmwright, a novice GrSk of Dithmenos (D:5)
  Duvessa (D:6)
  An ice beast (D:6)
  2 sky beasts
  A phantom (D:4)
  2 orc warriors (D:6)
  2 centaurs
  Blork the orc (D:6)
  Dowan (D:6)
  3 scorpions
  A wyvern skeleton (D:6)
  A howler monkey (D:6)
  3 crimson imps (D:5)
  A centaur skeleton (D:6)
  2 jellies
  2 orc wizards
  2 orc priests (D:4)
  An iguana (D:5)
  5 worker ants
  A hound skeleton (D:5)
  3 gnolls (D:4)
  10 adders
  3 worms
  3 dart slugs
  4 leopard geckos
  14 orcs
  10 bats
  3 giant cockroaches
  8 goblins
  14 hobgoblins
  15 jackals
  9 kobolds
  A quokka (D:2)
  3 ball pythons
  8 frilled lizards
  A jackal skeleton (D:5)
  9 rats
152 creatures vanquished.

Notes
Turn   | Place    | Note
-------+----------+-------------------------------------------
     0 | D:1      | Jerry the Minotaur Berserker began the quest for the Orb.
     0 | D:1      | Reached XP level 1. HP: 19/19 MP: 0/0
   133 | D:1      | Reached skill level 4 in Axes
   133 | D:1      | Reached XP level 2. HP: 26/27 MP: 1/1
   598 | D:1      | Reached XP level 3. HP: 27/33 MP: 2/2
   722 | D:1      | Reached ** piety under Trog
   918 | D:2      | You fall through a shaft!
   922 | D:3      | Noticed a sky beast
   936 | D:3      | Killed a sky beast
   936 | D:3      | Reached skill level 5 in Axes
   936 | D:3      | Reached XP level 4. HP: 35/41 MP: 3/3
   936 | D:3      | Reached XP level 5. HP: 40/47 MP: 4/4
  1240 | D:3      | Found a shattered altar of Ashenzari.
  1588 | D:3      | Found a faded altar of an unknown god.
  1767 | D:2      | Reached skill level 6 in Axes
  1820 | D:2      | Reached *** piety under Trog
  1901 | D:2      | Reached XP level 6. HP: 50/53 MP: 5/5
  2204 | D:2      | Found Zin's Purification Station.
  2208 | D:2      | Found a glowing silver altar of Zin.
  2299 | D:2      | Found a burning altar of Makhleb.
  2300 | D:2      | Found a radiant altar of Vehumet.
  2360 | D:4      | Reached skill level 5 in Fighting
  2654 | D:4      | Reached XP level 7. HP: 51/61 MP: 6/6
  2787 | D:4      | Reached **** piety under Trog
  2792 | D:4      | Reached skill level 7 in Axes
  2988 | D:4      | Found a staircase to the Ecumenical Temple.
  3048 | D:4      | Found Gout's Antique Armour Shop.
  3223 | D:5      | Entered Level 5 of the Dungeon
  3278 | D:5      | Found a blossoming altar of Fedhas.
  3280 | D:5      | Found an ancient bone altar of Kikubaaqudgha.
  3301 | D:5      | Reached skill level 5 in Armour
  3480 | D:5      | Found a sparkling altar of Nemelex Xobeh.
  3516 | D:5      | Noticed darksquall's ghost (novice GrSk)
  3524 | D:5      | Killed darksquall's ghost
  3524 | D:5      | Reached skill level 8 in Axes
  3524 | D:5      | Reached XP level 8. HP: 71/71 MP: 2/7
  3601 | D:5      | Reached skill level 5 in Dodging
  4067 | D:5      | Reached skill level 9 in Axes
  4303 | D:6      | Noticed Blork the orc
  4311 | D:6      | Noticed Dowan
  4313 | D:6      | Noticed Duvessa
  4315 | D:6      | Killed Blork the orc
  4319 | D:6      | Reached XP level 9. HP: 79/79 MP: 2/8
  4325 | D:6      | Killed Dowan
  4327 | D:6      | Killed Duvessa
  4330 | D:6      | Reached skill level 10 in Axes
  4346 | D:6      | Killed from afar by an orc wizard

Skill      XL: |  1  2  3  4  5  6  7  8  9 |
---------------+----------------------------+-----
Axes           | 4 5 6 8 9 10 | 10.0
Fighting       | 4 5 6 7 |  7.5
Armour         | 3 4 5 6 |  6.8
Dodging        | 3 4 6 |  6.2

Action                   |  1- 3 |  4- 6 |  7- 9 || total
-------------------------+-------+-------+-------++-------
Melee: Hand axe          |    81 |   156 |   177 ||   414
       Headbutt          |     9 |    22 |    33 ||    64
Invok: Berserk           |     1 |     1 |     4 ||     6
  Use: Scroll            |     1 |       |       ||     1
  Eat: Chunk             |       |     8 |     8 ||    16
Armor: Animal skin       |    19 |       |       ||    19
       Ring mail         |     8 |    46 |       ||    54
       Chain mail        |       |     2 |    86 ||    88
Dodge: Dodged            |    54 |    95 |    72 ||   221
